 Dungeon Crawl Stone Soup version 0.30-a0-1114-gd936c97349 (webtiles) character file.

Game seed: 4375292856706403613

24937 KristoblXynda the Cleaver (level 12, -5/145 HPs)
             Began as a Demonspawn Berserker on Apr 21, 2023.
             Was an Elder of Trog.
             Succumbed to a green ugly thing's poison
             ... on level 14 of the Dungeon.
             The game lasted 00:24:41 (14521 turns).

KristoblXynda the Cleaver (Demonspawn Berserker)   Turns: 14521, Time: 00:24:41

Health: -5/145     AC: 19    Str: 26    XL:     12   Next: 85%
Magic:  12/12      EV: 16    Int: 12    God:    Trog [****..]
Gold:   542        SH:  5    Dex: 12    Spells: 11/11 levels left

rFire   + . .      SeeInvis .    E - +7 battleaxe
rCold   + + .      Faith    .    (shield currently unavailable)
rNeg    + + .      Spirit   .    M - +1 plate armour
rPois   +          Reflect  +    c - +2 hat
rElec   .          Rampage  .    z - +1 cloak
rCorr   .                        (no gloves)
Will    .....                    (boots unavailable) Stlth
                                 F - amulet of reflection
HPRegen 0.44/turn                j - ring "Rogrem" {rPois rC++ Str+6}
MPRegen 0.13/turn                I - ring "Ufapuv" {Drain rPois rF+ rN++}

@: mighty, agile, berserking, lethally poisoned (-5 -> -41), studying Maces &
Flails, very quick
A: hooves 3, powered by pain 2, spiny 1, demonic touch 1
a: Renounce Religion, Berserk, Trog's Hand, Brothers in Arms


You were on level 14 of the Dungeon.
You worshipped Trog.
Trog was greatly pleased with you.
You visited 2 branches of the dungeon, and saw 15 of its levels.
You also visited: Bailey.

You collected 1072 gold pieces.
You spent 530 gold pieces at shops.

Inventory:

Hand Weapons
 B - a +2 dire flail of venom
 E - a +7 battleaxe (weapon)
Armour
 c - a +2 hat (worn)
 g - the +2 pair of slick slippers {slick, slippery, EV+4}
   (You acquired it on level 10 of the Dungeon)

   Slick:     Its wearer cannot be constricted, engulfed, netted or webbed.
   Slippery:  Its wearer slips away from damaging melee attacks, pulling the
   attacker onward.
   EV:        It affects your evasion (+4).
 u - a scarf of invisibility
 z - a +1 cloak (worn)
 M - a +1 plate armour (worn)
Jewellery
 j - the ring "Rogrem" (left hand) {rPois rC++ Str+6}
   (You found it on level 10 of the Dungeon)

   [ring of strength]

   Str:       It affects your strength (+6).
   rC:        It greatly protects you from cold.
   rPois:     It protects you from poison.
 p - a +3 ring of evasion
 t - the ring "Vagimefu" {rC+ rN+ rCorr}
   (You bought it in a shop on level 12 of the Dungeon)

   [ring of resist corrosion]

   rC:        It protects you from cold.
   rN:        It protects you from negative energy.
   rCorr:     It protects you from acid and corrosion.
 F - an amulet of reflection (around neck)
 I - the ring "Ufapuv" (right hand) {Drain rPois rF+ rN++}
   (You acquired it in a bailey)

   [ring of poison resistance]

   rF:        It protects you from fire.
   rPois:     It protects you from poison.
   rN:        It greatly protects you from negative energy.
   Drain:     It drains your maximum health when unequipped.
Wands
 o - a wand of paralysis (19)
 v - a wand of light (11)
 y - a wand of roots (18)
Scrolls
 f - 5 scrolls of butterflies
 l - 2 scrolls of immolation
 m - 5 scrolls of magic mapping
 q - 5 scrolls of teleportation
Potions
 b - 3 potions of resistance
 d - 2 potions of heal wounds
 h - a potion of berserk rage
 i - 4 potions of brilliance
 k - 2 potions of haste
 n - 4 potions of might
 r - 3 potions of curing
 s - 2 potions of mutation
 w - 3 potions of lignification
 A - a potion of flight
 D - 2 potions of degeneration {unknown}
 H - a potion of cancellation {unknown}
Miscellaneous
 J - a box of beasts


   Skills:
 - Level 10.0 Fighting
 * Level 12.4 Axes
 + Level 9.7 Armour
 + Level 9.7 Dodging
 + Level 3.5 Evocations


You had 11 spell levels left.
You didn't know any spells.
Your spell library contained the following spells:

 Spells                   Type           Power      Damage    Failure   Level
 Summon Small Mammal      Summ           0%         N/A       97%         1
 Blink                    Tloc           0%         N/A       99%         2
 Ensorcelled Hibernation  Hex/Ice        0%         N/A       99%         2
 Lesser Beckoning         Tloc           0%         N/A       99%         2
 Momentum Strike          Conj/Tloc      0%         3d8       99%         2
 Call Canine Familiar     Summ           0%         N/A       100%        3
 Hailstorm                Conj/Ice       0%         3d3       100%        3
 Ozocubu's Armour         Ice            0%         N/A       100%        3
 Portal Projectile        Hex/Tloc       0%         N/A       100%        3
 Spider Form              Tmut/Pois      0%         N/A       100%        3
 Summon Guardian Golem    Hex/Summ       0%         N/A       100%        3
 Anguish                  Hex/Necr       0%         N/A       100%        4
 Ice Form                 Ice/Tmut       0%         N/A       100%        4
 Leda's Liquefaction      Hex/Erth       0%         N/A       100%        4
 Simulacrum               Ice/Necr       0%         N/A       100%        6
 Ozocubu's Refrigeration  Ice            0%         4d7       100%        7


Dungeon Overview and Level Annotations

Branches:
Dungeon (14/15)            Temple (1/1) D:6             Orc (0/2) D:11
 Bailey (visited)
   Lair: D:8-11      Vaults: D:13-14

Altars:
Ashenzari
Cheibriados
Dithmenos
Fedhas
Gozag
Hepliaklqana
Kikubaaqudgha
Makhleb
Nemelex Xobeh
Okawaru
Qazlal
Ru
Sif Muna
Trog
Uskayaw
Vehumet
Wu Jian
Xom
Yredelemnul

Shops:
D:12 =

Portals:
Trove: D:13 (give +6 demon trident)


Innate Abilities, Weirdness & Mutations

You have hooves in place of feet.
You sometimes gain power by taking damage.
You are partially covered in sharp spines.
Your touch may inflict minor irresistible damage on your foes.


Message History

You slice Snorg!! Your kick misses Snorg.
Snorg is severely wounded.
You closely miss the green ugly thing. You slash the green ugly thing!
The green ugly thing engulfs you.
* * * LOW HITPOINT WARNING * * *
Snorg bites you but does no damage. Snorg claws you but does no damage.
Snorg barely misses you.
The green ugly thing claws you but does no damage.
You slice Snorg!! Your kick misses Snorg.
Snorg is almost dead.
You slice the green ugly thing!! x2
You kill the green ugly thing!
Trog accepts your kill. You block Snorg's attack. Snorg completely misses you.
Snorg barely misses you.
The green ugly thing is struck by your spines.
You kill the green ugly thing!
Trog accepts your kill.
You slash Snorg!
You kill Snorg!
Trog accepts your kill.
You closely miss the brown ugly thing. You kick the brown ugly thing!!
The brown ugly thing is moderately wounded.
Unknown command.
You slice the green ugly thing!! Your kick misses the green ugly thing.
The green ugly thing is moderately wounded.
You closely miss the green ugly thing. You kick the green ugly thing!
The green ugly thing is heavily wounded.
You slash the brown ugly thing!
The green ugly thing is struck by your spines.
The green ugly thing headbutts you!
* * * LOW HITPOINT WARNING * * *
You focus on the pain.
You feel agile all of a sudden.
You are lethally poisoned!
The green ugly thing poisons you!
You slice the green ugly thing!! You kick the green ugly thing!
You kill the green ugly thing!
Trog accepts your kill.
You slash the brown ugly thing!
You die...

...... .. #......
... #......# ....
#......########....
#..................
#..................
#.........).u....#
#.........)@†....#
#$.......######..#
#.......†#
#........#
########.# #...#.#
##..#.# ##.#.#
#.#.#


You could see a brown ugly thing.

Vanquished Creatures
  Gastronok (D:8)
  An orc warlord (Bailey)
  An eleionoma (shapeshifter) (D:13)
  Snorg (D:14)
  Josephine (D:10)
  The ghost of CryoSword the Slasher, a journeyman DrCj of Sif Muna (D:10)
  A hydra (D:13)
  3 centaur warriors
  A boulder beetle (D:13)
  2 two-headed ogres
  A deep elf knight (D:12)
  An orc sorcerer (D:12)
  4 ugly things
  2 manticores (D:11)
  A cyclops (D:13)
  A gargoyle (D:12)
  3 unseen horrors
  Psyche (D:8)
  2 kobold demonologists (D:12)
  2 trolls
  3 meliai (D:13)
  2 centaur simulacra (D:10)
  5 yaks (D:12)
  2 shadows
  A vampire (D:13)
  A water elemental (D:13)
  A wyvern (D:10)
  3 wraiths (D:10)
  A basilisk (D:14)
  An unseen horror simulacrum (D:10)
  14 vampire mosquitoes
  Menkaure (D:7)
  An acid dragon (D:11)
  A black bear (D:7)
  17 orc warriors
  3 sky beasts
  7 ice beasts
  A black bear (shapeshifter) (D:13)
  2 ogres (D:6)
  5 centaurs
  2 phantoms
  2 bullfrogs
  2 gnoll sergeants (D:7)
  5 wights (D:10)
  3 killer bees (D:8)
  2 electric eels (D:13)
  6 howler monkeys
  3 hounds (D:6)
  4 jellies
  10 orc priests
  2 gnoll boudas
  7 iguanas
  2 sleepcaps
  6 orc wizards
  9 adders
  25 gnolls
  A shadow imp (D:6)
  A white imp (D:5)
  A howler monkey simulacrum (D:10)
  2 worms
  3 dart slugs
  32 orcs
  13 endoplasms
  4 giant cockroaches
  12 goblins
  12 hobgoblins
  4 jackals (D:4)
  9 kobolds
  A quokka (D:2)
  12 ball pythons
  2 bats
  4 rats
306 creatures vanquished.

Vanquished Creatures (others)
  7 plants (D:5)
7 creatures vanquished.

Grand Total: 313 creatures vanquished

Notes
Turn   | Place    | Note
-------+----------+-------------------------------------------
     0 | D:1      | KristoblXynda the Demonspawn Berserker began the quest for
                  | the Orb.
     0 | D:1      | Reached XP level 1. HP: 18/18 MP: 1/1
   138 | D:1      | Discovered your monstrous ancestry.
   138 | D:1      | Gained mutation: You have large cloven feet. [demonic
                  | ancestry]
   138 | D:1      | Reached XP level 2. HP: 24/24 MP: 2/2
   232 | D:1      | Reached skill level 3 in Axes
   544 | D:1      | Gained mutation: You sometimes gain a little power by
                  | taking damage. [demonic ancestry]
   544 | D:1      | Reached XP level 3. HP: 27/29 MP: 3/3
   895 | D:2      | Found a hazy altar of Hepliaklqana.
   896 | D:2      | Reached ** piety under Trog
  1288 | D:2      | Reached XP level 4. HP: 35/35 MP: 4/4
  2350 | D:4      | Reached skill level 4 in Axes
  2350 | D:4      | Gained mutation: Your touch may inflict minor irresistible
                  | damage on your foes. [demonic ancestry]
  2350 | D:4      | Reached XP level 5. HP: 26/42 MP: 5/5
  2566 | D:4      | Noticed a phantom
  2571 | D:4      | Killed a phantom
  2718 | D:4      | Reached XP level 6. HP: 48/48 MP: 6/6
  2993 | D:4      | Reached *** piety under Trog
  3179 | D:5      | Entered Level 5 of the Dungeon
  3224 | D:5      | Noticed an ice beast
  3229 | D:5      | Killed an ice beast
  3792 | D:5      | Reached skill level 5 in Axes
  3792 | D:5      | Gained mutation: You sometimes gain power by taking damage.
                  | [demonic ancestry]
  3792 | D:5      | Reached XP level 7. HP: 43/55 MP: 7/7
  4735 | D:6      | Found an opulent altar of Gozag.
  4915 | D:6      | Reached skill level 5 in Fighting
  4917 | D:6      | Reached XP level 8. HP: 30/62 MP: 8/8
  4929 | D:6      | Reached skill level 6 in Axes
  5353 | D:6      | Found a staircase to the Ecumenical Temple.
  5416 | Temple   | Entered the Ecumenical Temple
  5834 | D:6      | Found a shimmering blue altar of Sif Muna.
  6403 | D:7      | Noticed Menkaure
  6410 | D:7      | Killed Menkaure
  6439 | D:7      | Reached skill level 7 in Axes
  6603 | D:7      | Reached skill level 5 in Dodging
  6884 | D:7      | Reached skill level 5 in Armour
  6887 | D:7      | Gained mutation: You are partially covered in sharp spines.
                  | [demonic ancestry]
  6887 | D:7      | Reached XP level 9. HP: 52/69 MP: 6/9
  7377 | D:8      | Noticed Psyche
  7389 | D:8      | Killed Psyche
  7457 | D:8      | Noticed Gastronok
  7468 | D:8      | Killed Gastronok
  7469 | D:8      | Reached skill level 8 in Axes
  7489 | D:8      | Reached **** piety under Trog
  7662 | D:8      | Reached XP level 10. HP: 77/79 MP: 10/10
  8058 | D:9      | Found an ancient bone altar of Kikubaaqudgha.
  8082 | D:9      | You fall into a shaft and drop 3 floors!
  8177 | D:12     | Found a transporter.
  8190 | D:12     | Noticed a deep elf knight
  8209 | D:12     | Noticed a gargoyle
  8226 | D:12     | Killed a gargoyle
  8355 | D:12     | Noticed a white ugly thing
  8367 | D:12     | Killed a white ugly thing
  8596 | D:12     | Found Wared's One-of-a-Kind Rings.
  8602 | D:12     | Bought a +3 ring of evasion for 110 gold pieces
  8602 | D:12     | Bought the ring "Vagimefu" {rC+ rN+ rCorr} for 420 gold
                  | pieces
  8941 | D:11     | Found a staircase to the Orcish Mines.
  9046 | D:11     | Noticed a two-headed ogre
  9054 | D:11     | Killed a two-headed ogre
  9055 | D:11     | Reached skill level 9 in Axes
  9076 | D:11     | Noticed a manticore
  9087 | D:11     | Killed a manticore
  9341 | D:11     | Noticed a manticore
  9354 | D:11     | Killed a manticore
  9552 | D:11     | Gained mutation: You have hoof-like feet. [demonic
                  | ancestry]
  9552 | D:11     | Reached XP level 11. HP: 87/87 MP: 11/11
  9713 | D:10     | Entered Level 10 of the Dungeon
  9749 | D:10     | Found a flagged portal.
  9760 | Bailey   | Entered a bailey
  9914 | Bailey   | Reached ***** piety under Trog
 10270 | Bailey   | Noticed an orc warlord
 10286 | Bailey   | Killed an orc warlord
 10365 | Bailey   | Acquired the ring "Ufapuv" {Drain rPois rF+ rN++}
 10540 | D:10     | Reached skill level 10 in Axes
 10546 | D:10     | Found a runed translucent gate.
 10547 | D:10     | Found a runed translucent gate.
 10548 | D:10     | Found a runed translucent gate.
 10583 | D:10     | Received a gift from Trog
 10721 | D:10     | Acquired the +2 pair of slick slippers {slick, slippery,
                  | EV+4}
 10721 | D:10     | Found the +2 pair of slick slippers {slick, slippery, EV+4}
 10758 | D:10     | Found a snail-covered altar of Cheibriados.
 10840 | D:10     | Noticed Josephine
 10854 | D:10     | Killed Josephine
 11318 | D:10     | Noticed CryoSword's ghost (journeyman DrCj)
 11379 | D:10     | Killed CryoSword's ghost
 11444 | D:10     | Identified the ring "Rogrem" {rPois rC++ Str+6}
 11630 | D:12     | Noticed a two-headed ogre
 11639 | D:12     | Killed a two-headed ogre
 11949 | D:12     | Found a transporter.
 12000 | D:12     | Noticed an orc sorcerer
 12025 | D:12     | Reached skill level 11 in Axes
 12030 | D:12     | Gained mutation: You have hooves in place of feet. [demonic
                  | ancestry]
 12030 | D:12     | Reached XP level 12. HP: 87/97 MP: 12/12
 12468 | D:12     | Reached skill level 10 in Fighting
 13274 | D:13     | Noticed a centaur warrior
 13289 | D:13     | Killed a centaur warrior
 13290 | D:13     | Reached skill level 1 in Evocations
 13379 | D:13     | Noticed a seven-headed hydra
 13395 | D:13     | Killed a nine-headed hydra
 13501 | D:13     | Noticed an alligator snapping turtle
 13504 | D:13     | an alligator snapping turtle changed into an azure jelly
 13504 | D:13     | Noticed an azure jelly (shapeshifter)
 13507 | D:13     | an azure jelly changed into a frost giant
 13507 | D:13     | Noticed a frost giant (shapeshifter)
 13508 | D:13     | a frost giant changed into an eleionoma
 13508 | D:13     | Noticed an eleionoma (shapeshifter)
 13512 | D:13     | Killed an eleionoma
 13680 | D:13     | Found a portal to a secret trove of treasure.
 13886 | D:13     | Noticed a centaur warrior
 13895 | D:13     | Killed a centaur warrior
 13896 | D:13     | Reached skill level 12 in Axes
 14102 | D:13     | Noticed a boulder beetle
 14110 | D:13     | Killed a boulder beetle
 14503 | D:14     | Noticed a centaur warrior
 14505 | D:14     | Noticed Snorg
 14514 | D:14     | Killed a centaur warrior
 14517 | D:14     | Killed Snorg
 14520 | D:14     | HP: 2/145 [green ugly thing (11)]
 14521 | D:14     | Succumbed to a green ugly thing's poison

Illustrated notes

Levels and vault maps discovered:
D:1:      minmay_arrival_stair_chambers, layout_loops_corners
D:2:      layout_basic, basic_altar
D:3:      layout_loops_ring
D:4:      layout_basic
D:5:      layout_basic, minivault_5, nicolae_grassy_gnolls
D:6:      layout_loops_ring, pdpol_temple_overflow_zin_treasury_gozag_greed,
          led_sif_pool, minmay_temple_entry_mist,
          nicolae_concentric_dashed_squares_wild, minmay_diced_spiral
D:7:      layout_basic, dk_noncrumbling_3, dk_noncrumbling_4, uniq_menkaure
D:8:      layout_rooms, nicolae_titane, uniq_psyche, uniq_gastronok
D:9:      minmay_blocky_corners, layout_basic, kiku_gazebo_garden_becter,
          minmay_lair_entry_grove, nicolae_stop_n_shop_2
D:10:     layout_irregular_city, cheibriados_altar_1, gammafunk_ghost_icy,
          enter_bailey_2, uniq_josephine
D:11:     layout_irregular_city, minmay_orc_entry_temple_small
D:12:     gammafunk_wand_slinger, layout_irregular_city,
          nicolae_shop_unique_rings, due_unseen_surprise
D:13:     layout_basic, nicolae_trove_entry_crystal, evilmike_minifort
D:14:     layout_irregular_city, david_vaults_4, roderic_lattice_octagonal_star,
          kennysheep_inner_square, uniq_snorg
Temple:   bh_familiar_temple

Skill      XL: |  1  2  3  4  5  6  7  8  9 10 11 12 |
---------------+-------------------------------------+-----
Armour         | 2 3 4 5 6 7 8 9 |  9.7
Axes           | 3 4 5 7 8 9 11 12 | 12.4
Dodging        | 2 3 4 5 6 7 8 9 |  9.7
Fighting       | 4 5 6 7 8 9 10 | 10.0
Evocations     | 3 |  3.5

Action                     |  1- 3 |  4- 6 |  7- 9 | 10-12 || total
---------------------------+-------+-------+-------+-------++-------
  Melee: Hand axe          |    89 |   140 |   229 |    76 ||   534
         Kick              |    19 |    38 |    73 |   105 ||   235
         Touch             |       |    12 |    44 |    27 ||    83
         Punch             |       |     1 |     2 |     4 ||     7
         War axe           |       |       |       |    36 ||    36
         Battleaxe         |       |       |       |   182 ||   182
         Broad axe         |       |       |       |    54 ||    54
 Invoke: Berserk           |       |     4 |    10 |     8 ||    22
  Evoke: Wand              |       |       |       |     6 ||     6
    Use: Scroll            |       |     6 |     6 |    23 ||    35
         Potion            |       |       |     1 |     5 ||     6
   Stab: Paralysed         |       |       |       |     9 ||     9
         Distracted        |       |       |       |     1 ||     1
 Armour: Ring mail         |    27 |    39 |    24 |       ||    90
         Chain mail        |       |       |    42 |   110 ||   152
         Plate armour      |       |       |       |   118 ||   118
  Dodge: Dodged            |    50 |    74 |   112 |   257 ||   493
  Block: Other             |       |       |       |    57 ||    57
         Reflection        |       |       |       |     2 ||     2

Table legend: (Time is in decaauts)
 A = Elapsed time spent in this place.
 B = Non-inter-level travel time spent in this place.
 C = Inter-level travel time spent in this place.
 D = Time resting spent in this place.
 E = Time spent auto-exploring this place.
 F = Levels seen in this place.
 G = Mean time per level.
                   A        B        C        D        E       F      G
               +--------+--------+--------+--------+--------+-----+--------+
         Total |  14801 |  14336 |    465 |   4376 |   7465 |  16 |  925.1 |
       Dungeon |  13959 |  13513 |    446 |   4010 |   7303 |  14 |  997.1 |
        Temple |    184 |    165 |     19 |      0 |    162 |   1 |  184.0 |
        Bailey |    657 |    657 |      0 |    366 |      0 |   1 |  657.0 |
               +--------+--------+--------+--------+--------+-----+--------+

Top non-repeatable levels by time:
    D:12: 1887 daAuts
    D:13: 1678 daAuts
     D:5: 1505 daAuts
     D:6: 1342 daAuts
     D:7: 1202 daAuts
    D:10: 1175 daAuts
    D:11: 1081 daAuts
     D:1: 902 daAuts
     D:4: 861 daAuts
     D:3: 849 daAuts
     D:8: 686 daAuts
  Bailey: 657 daAuts
     D:2: 607 daAuts
  Temple: 184 daAuts
     D:9: 116 daAuts
